 Dungeon Crawl Stone Soup version 0.30-a0-1161-g0704695555 (webtiles) character file.

Game seed: 588145985273952560

6749 Jeffwins the Shooter (level 11, -1/78 HPs)
             Began as a Human Wanderer on Apr 26, 2023.
             Was a Believer of Vehumet.
             Slain by a wolf (15 damage)
             ... in a Gauntlet on Apr 27, 2023.
             The game lasted 00:20:42 (9622 turns).

Jeffwins the Shooter (Human Wanderer)               Turns: 9622, Time: 00:20:43

Health: -1/78      AC: 13    Str: 19    XL:     11   Next: 24%
Magic:  8/17       EV: 10    Int: 17    God:    Vehumet [**....]
Gold:   456        SH:  0    Dex: 14    Spells: 3/18 levels left

rFire   . . .        a - +0 arbalest (drain)
rCold   . . .        (shield currently unavailable)
rNeg    . . .        d - +0 ring mail of the Boiling Point {Regen+ Str+5}
rPois   .            y - +2 helmet {Int+3}
rElec   .            D - +0 cloak
rCorr   .            K - +0 pair of gloves
SInv    .            k - +1 pair of boots
Will    .....        g - amulet of regeneration
Stlth   ++           (no ring)
HPRegen 1.93/turn    (no ring)
MPRegen 0.15/turn

%: no teleportation
@: very slightly contaminated
A: no striking features
a: Renounce Religion


You were in a Gauntlet.
You worshipped Vehumet.
Vehumet was pleased with you.
You visited 2 branches of the dungeon, and saw 12 of its levels.
You also visited: Gauntlet.

You collected 634 gold pieces.
You spent 178 gold pieces at shops.


   Skills:
 + Level 4.4 Fighting
 * Level 7.1 Ranged Weapons
 + Level 3.8 Throwing
 - Level 4.0 Armour
 - Level 5.0 Stealth
 - Level 2.0 Shields
 + Level 4.0 Spellcasting
 * Level 5.1 Conjurations
 * Level 5.8 Hexes
 * Level 5.9 Summonings
 * Level 4.0 Translocations
 * Level 5.1 Earth Magic


You had 3 spell levels left.
You knew the following spells:

 Your Spells              Type           Power      Damage    Failure   Level
f - Summon Forest         Summ/Tloc      10%        N/A       67%         5
g - Summon Guardian Gole  Hex/Summ       23%        N/A       7%          3
w - Summon Small Mammal   Summ           92%        N/A       2%          1
x - Call Canine Familiar  Summ           23%        N/A       7%          3
z - Stone Arrow           Conj/Erth      40%        3d9       10%         3

Your spell library contained the following spells:

 Spells                   Type           Power      Damage    Failure   Level
 Searing Ray              Conj           40%        2d5       4%          2
 Magic Dart               Conj           80%        1d7       3%          1
 Sandblast                Erth           42%        2d11      3%          1
 Tukima's Dance           Hex            23%        N/A       7%          3
 Passwall                 Tmut/Erth      10%        N/A       14%         2
 Beastly Appendage        Tmut           6%         N/A       26%         1
 Wereblood                Tmut           3%         N/A       36%         2
 Ignite Poison            Fire/Tmut/Pois 3%         N/A       61%         3
 Spider Form              Tmut/Pois      3%         N/A       61%         3
 Passage of Golubria      Tloc           17%        N/A       43%         4
 Sticky Flame             Conj/Fire      12%        2d4       65%         4
 Yara's Violent Unravell  Hex/Tmut       6%         3d5       91%         5
 Eringya's Noxious Bog    Tmut/Pois      1%         N/A       100%        6
 Summon Hydra             Summ           11%        N/A       100%        7
 Ignition                 Fire           1%         3d3       100%        8

Inventory:

Hand Weapons
 a - a +0 arbalest of draining (weapon)
 b - the +10 hand axe "Icobbubb" {holy, rF+ rC- Dex+5}
   (You took it off a kobold on level 2 of the Dungeon)

   Dex:       It affects your dexterity (+5).
   rF:        It protects you from fire.
   rC:        It makes you vulnerable to cold.
 c - a +2 sling
 u - a +0 shortbow
 G - a +2 short sword of venom
 N - a +4 scimitar of flaming
Missiles
 o - 32 poisoned darts
 H - 4 datura-tipped darts
 R - a curare-tipped dart {=f}
Armour
 d - the +0 ring mail of the Boiling Point (worn) {Regen+ Str+5}
   (You found it on level 5 of the Dungeon)

   Str:       It affects your strength (+5).
   Regen:     It increases your rate of health regeneration.
 k - a +1 pair of boots (worn)
 s - a +1 leather armour of fire resistance
 w - +0 acid dragon scales
 y - a +2 helmet of intelligence (worn)
 D - a +0 cloak (worn)
 E - a +0 buckler
 K - a +0 pair of gloves (worn)
Magical Staves
 q - a staff of poison
 T - a staff of cold
 U - a staff of air
Jewellery
 g - an amulet of regeneration (around neck)
 C - a ring of ice
Scrolls
 h - 2 scrolls of teleportation {@r4}
 l - 2 scrolls of magic mapping
 n - 3 scrolls of blinking
 p - 3 scrolls of torment {!r}
 t - 2 scrolls of enchant weapon
 v - a scroll of amnesia
 x - a scroll of fear
 z - a scroll of poison {!r}
 A - 3 scrolls of fog
 P - 3 scrolls of vulnerability {unknown}
 Q - a scroll of brand weapon
 S - 2 scrolls of enchant armour
Potions
 e - 8 potions of curing {unknown}
 f - 2 potions of mutation {!q}
 i - a potion of invisibility {unknown}
 j - 3 potions of haste {@q3}
 m - 3 potions of cancellation {unknown}
 r - 2 potions of berserk rage {unknown}
 B - a potion of brilliance {unknown}
 F - 2 potions of might
 I - 2 potions of ambrosia {unknown}
 J - a potion of lignification {unknown}
 L - 2 potions of flight {unknown}
 M - 3 potions of degeneration {unknown}
 O - 6 potions of attraction {!q}

Dungeon Overview and Level Annotations

Branches:
Dungeon (11/15)            Temple (1/1) D:4            Lair (0/5) D:9
    Orc (0/2) D:9         Gauntlet (1/1)

Altars:
Ashenzari
Cheibriados
Dithmenos
Elyvilon
Fedhas
Gozag
Hepliaklqana
Kikubaaqudgha
Makhleb
Nemelex Xobeh
Okawaru
Qazlal
Ru
Sif Muna
Trog
Uskayaw
Vehumet
Wu Jian
Xom
Yredelemnul
Zin
The Shining One

Shops:
D:1 *   D:10 :

Annotations:
Gauntlet 12 transporters, 3 runed translucent doors

▒≈...▒.##.##.▒...≈▒
▒▒▒▒..♣.▒#..▒..#▒.♣..▒▒▒▒
▒≈≈...P.▒#.▒▒.▒#▒.PP..≈≈▒
▒≈..♣P..▒.▒.©▒..▒.P.♣..≈▒
▒▒▒▒.......▒#▒y▒▒.#▒..P....▒▒▒▒
▒≈≈..♣...♣.▒).▒hh▒.▒.♣.P.♣..≈≈▒
▒≈.........▒$##h##.▒.........≈▒
▒▒...▒▒▒▒▒▒▒▒▒▒▒▒▒▒▒▒▒▒▒▒▒▒▒...▒▒
≈....▒©.......hh@.........©▒....≈
..▒▒▒▒▒▒▒▒▒▒▒▒▒▒▒▒▒▒▒▒▒▒▒▒▒▒▒▒▒..
..▒.QQ.Q#.▒...........▒3.....3▒..
♣.▒.##..#.▒..P▒≈▒≈▒P..▒5▒#▒#.3▒.♣
P.▒#Q.▒▒..▒..P≈≈≈≈≈PP.▒.....#.▒.P
♣.▒#.^©^.#▒.♣.▒≈▒≈▒P♣.▒#▒#©.▒3▒.♣
..▒..▒▒..#▒.PP≈≈≈≈≈PP.▒.$.#.#3▒..
♣.▒.#.?##.▒..P▒≈▒≈▒...▒#?.▒.▒5▒.♣
..▒.# ©. .▒...PPP.....▒5#.#..5▒..


You could see a moth of wrath, a smoke demon, 4 wolves, a crimson imp and a
friendly hound (summoned).


Message History

The wolf closely misses you. The wolf misses you.
The wolf bites you but does no damage.
Unknown command.
Casting: Call Canine Familiar (dangerous; 7% risk of failure)
Confirm with . or Enter, or press ? or * to list all spells.
Okay, then.
Casting: Call Canine Familiar (dangerous; 7% risk of failure)
Confirm with . or Enter, or press ? or * to list all spells.
Aiming: Stone Arrow (dangerous; 10% risk of failure)
Press: ? - help, Shift-Dir - straight line, f/p - wolf
Aim: a wolf (berserk, ally target, 53% to hit)
The stone arrow hits the wolf!
The wolf is heavily wounded.
The wolf bites you!
* * * LOW HITPOINT WARNING * * *
The wolf rages.
The wolf closely misses you.
Your hound misses the wolf.
Unknown command.
Unknown command.
Casting: Stone Arrow (dangerous; 10% risk of failure)
Confirm with . or Enter, or press ? or * to list all spells.
Aiming: Stone Arrow (dangerous; 10% risk of failure)
Press: ? - help, Shift-Dir - straight line, f/p - wolf
Aim: a wolf (heavily wounded, berserk, ally target, 53% to hit)
You miscast Stone Arrow.
You are very lightly contaminated with residual magic.
Nothing appears to happen.
The wolf barely misses you. The wolf bites you but does no damage.
Your hound barely misses the wolf.
The wolf bites you!
You die...

Skill      XL: |  1  2  3  4  5  6  7  8  9 10 11 |
---------------+----------------------------------+-----
Stealth        | 1 2 3 4 5 |  5.0
Fighting       | 1 2 3 4 |  4.4
Ranged Weapons | 3 4 5 6 7 |  7.1
Hexes          | 1 2 3 4 5 |  5.8
Summonings     | 2 3 4 5 |  5.9
Conjurations   | 1 2 3 4 5 |  5.1
Earth Magic    | 1 2 3 4 5 |  5.1
Throwing       | 2 3 |  3.8
Spellcasting   | 3 4 |  4.0
Shields        | 2 |  2.0
Translocations | 2 3 4 |  4.0
Armour         | |  4.0

Action                     |  1- 3 |  4- 6 |  7- 9 | 10-12 || total
---------------------------+-------+-------+-------+-------++-------
  Melee: Hand axe          |       |    20 |    39 |    13 ||    72
         Punch             |       |     1 |     1 |       ||     2
   Fire: Sling             |    75 |   132 |   304 |       ||   511
         Arbalest          |       |       |     7 |   142 ||   149
  Throw: Dart              |       |       |    11 |     1 ||    12
   Cast: Summon Small Mamm |       |     1 |       |       ||     1
         Summon Guardian G |       |       |     4 |     3 ||     7
         Stone Arrow       |       |       |     9 |    41 ||    50
         Call Canine Famil |       |       |     1 |    13 ||    14
    Use: Scroll            |       |       |    12 |     4 ||    16
         Potion            |       |       |     1 |       ||     1
 Armour: Ring mail         |    17 |    14 |   109 |    69 ||   209
         Leather armour    |       |    31 |    27 |       ||    58
  Dodge: Dodged            |    33 |    64 |   135 |    84 ||   316
  Block: Buckler           |       |       |    25 |       ||    25

Levels and vault maps discovered:
D:1:      arrival_aquarium_b, layout_loops_corners, serial_shops, shop,
          nicolae_kite_square_tiling_tiny
D:2:      layout_basic
D:3:      layout_basic, kennysheep_path_1, small_statue_intersection
D:4:      layout_loops_corners, zin_angel, nicolae_overflow_hidden_temple,
          makhleb_heckhound_becter, minmay_temple_entry_glass
D:5:      layout_cave_pools, overflow_temple_1_default,
          kennysheep_generic_room_9
D:6:      layout_loops_cross, grunt_dithmenos_smoke
D:7:      layout_gridville, grunt_temple_overflow_magic_moments,
          nzn_wu_jian_council_hall, mainiacjoe_overflow_divided_tiny, trog_book
D:8:      layout_rooms, slow_altar_1, kennysheep_ying_yang, sigmund_army,
          uniq_erica, uniq_maggie, uniq_prince_ribbit1
D:9:      layout_roguey, lair_entry_dummy, hiddenorc1_lemuel
D:10:     layout_rooms, nicolae_hepliaklqana_hippocampus,
          mainiacjoe_overflow_chevrons, mainiacjoe_overflow_small_starburst,
          nicolae_shop_vocational
D:11:     layout_basic, gauntlet_entry_generic
Temple:   ebering_the_one_and_only
Gauntlet: minmay_gauntlet_77_tree [minmay_gauntlet_arena_77_tiled_triplets,
          minmay_gauntlet_arena_77_squiggly,
          minmay_gauntlet_arena_77_radiant_squares,
          minmay_gauntlet_arena_77_terracotta_army,
          minmay_gauntlet_arena_77_fan, minmay_gauntlet_arena_77_run_for_it,
          minmay_gauntlet_arena_77_box, dreamdust_gauntlet_exit_labyrinth]

Notes
Turn   | Place    | Note
-------+----------+-------------------------------------------
     0 | D:1      | Jeffwins the Human Wanderer began the quest for the Orb.
     0 | D:1      | Jeffwins set off with the following items: a +2 sling, a +0
                  | ring mail, a potion of attraction {!q}; and the following
                  | spell memorised: Summon Small Mammal; and the following
                  | spells available to memorise: Summon Guardian Golem.
     0 | D:1      | Reached XP level 1. HP: 13/13 MP: 3/3
     3 | D:1      | Noticed an electric eel
     4 | D:1      | Noticed an electric eel
   354 | D:1      | Found Joegh's Assorted Antiques.
   457 | D:1      | Reached XP level 2. HP: 19/20 MP: 5/5
   783 | D:1      | Reached skill level 1 in Stealth
   952 | D:1      | Reached skill level 1 in Fighting
   952 | D:1      | Reached skill level 3 in Ranged Weapons
   952 | D:1      | Reached XP level 3. HP: 19/26 MP: 6/6
  1007 | D:2      | Reached XP level 4. HP: 20/32 MP: 7/7
  1429 | D:2      | Identified the +10 hand axe "Icobbubb" {holy, rF+ rC-
                  | Dex+5}
  1448 | D:2      | Reached skill level 2 in Stealth
  1653 | D:2      | Reached skill level 2 in Fighting
  1653 | D:2      | Reached XP level 5. HP: 38/38 MP: 8/8
  1737 | D:2      | Learned a level 3 spell: Call Canine Familiar
  1741 | D:2      | Learned a level 3 spell: Summon Guardian Golem
  2545 | D:4      | Noticed an angel
  2546 | D:4      | Found a glowing silver altar of Zin.
  2656 | D:4      | Found a staircase to the Ecumenical Temple.
  2683 | Temple   | Entered the Ecumenical Temple
  2718 | D:4      | Noticed an ogre
  2726 | D:4      | Killed an ogre
  2727 | D:4      | Reached skill level 4 in Ranged Weapons
  2727 | D:4      | Reached skill level 1 in Hexes
  2727 | D:4      | Reached XP level 6. HP: 43/44 MP: 9/9
  2739 | D:4      | Noticed a sky beast
  2748 | D:4      | Killed a sky beast
  2749 | D:4      | Reached skill level 2 in Summonings
  2910 | D:4      | Found a burning altar of Makhleb.
  2922 | D:4      | Reached skill level 2 in Hexes
  2927 | D:4      | Reached XP level 7. HP: 27/51 MP: 10/10
  3096 | D:4      | Learned a level 3 spell: Stone Arrow
  3108 | D:4      | Found a blossoming altar of Fedhas.
  3111 | D:4      | Found a sacrificial altar of Ru.
  3442 | D:4      | Found a hide-covered altar of Uskayaw.
  3443 | D:4      | Found an iron altar of Okawaru.
  3646 | D:1      | Bought a glowing helmet for 142 gold pieces
  3646 | D:1      | Bought a scroll labelled LARRURGHUEGA for 19 gold pieces
  3646 | D:1      | Bought a coppery potion for 17 gold pieces
  3793 | D:5      | Entered Level 5 of the Dungeon
  3793 | D:5      | Found a stormy altar of Qazlal.
  3840 | D:5      | Identified the +0 ring mail of the Boiling Point {Regen+
                  | Str+5}
  3898 | D:5      | Reached skill level 3 in Stealth
  3932 | D:5      | Reached skill level 1 in Conjurations
  3932 | D:5      | Reached skill level 1 in Earth Magic
  4117 | D:5      | Reached skill level 3 in Summonings
  4121 | D:5      | Reached XP level 8. HP: 57/57 MP: 10/12
  4399 | D:6      | Reached skill level 3 in Hexes
  4605 | D:6      | Reached skill level 5 in Ranged Weapons
  4783 | D:6      | Reached skill level 3 in Fighting
  4783 | D:6      | Reached skill level 2 in Earth Magic
  4801 | D:6      | Found a shadowy altar of Dithmenos.
  4876 | D:6      | Reached skill level 2 in Throwing
  4876 | D:6      | Reached skill level 2 in Conjurations
  5057 | D:7      | Found a radiant altar of Vehumet.
  5060 | D:7      | Got Vehumet's Grimoire of Momentum
  5062 | D:7      | Became a worshipper of Vehumet
  5106 | D:7      | Found an ancient bone altar of Kikubaaqudgha.
  5107 | D:7      | Found a shimmering blue altar of Sif Muna.
  5223 | D:7      | Reached skill level 3 in Spellcasting
  5284 | D:7      | Found an opulent altar of Gozag.
  5284 | D:7      | Found a broken altar of Ashenzari.
  5305 | D:7      | Reached XP level 9. HP: 63/63 MP: 7/13
  5491 | D:7      | Found an ornate altar of the Wu Jian Council.
  5593 | D:7      | Reached skill level 1 in Shields
  5791 | D:7      | Found a bloodstained altar of Trog.
  5842 | D:8      | Noticed Maggie
  5869 | D:7      | Reached skill level 4 in Summonings
  5921 | D:8      | Found a basalt altar of Yredelemnul.
  5972 | D:8      | Killed Maggie
  5973 | D:8      | Reached skill level 3 in Conjurations
  5973 | D:8      | Reached skill level 4 in Hexes
  5973 | D:8      | Reached skill level 1 in Translocations
  5973 | D:8      | Reached skill level 3 in Earth Magic
  6052 | D:8      | Found a snail-covered altar of Cheibriados.
  6092 | D:8      | Reached skill level 4 in Stealth
  6216 | D:8      | Noticed Erica
  6285 | D:8      | Noticed Prince Ribbit
  6290 | D:8      | Killed Prince Ribbit
  6291 | D:8      | Reached skill level 6 in Ranged Weapons
  6291 | D:8      | Reached skill level 2 in Translocations
  6396 | D:9      | Reached skill level 2 in Shields
  6396 | D:9      | Reached XP level 10. HP: 53/70 MP: 2/15
  6553 | D:8      | Reached skill level 3 in Throwing
  6731 | D:8      | Reached * piety under Vehumet
  6731 | D:8      | Offered knowledge of Foxfire by Vehumet.
  6737 | D:8      | Reached skill level 4 in Earth Magic
  6838 | D:8      | Found a white marble altar of Elyvilon.
  7470 | D:8      | Killed Erica
  7471 | D:8      | Reached skill level 4 in Conjurations
  7471 | D:8      | Reached skill level 5 in Summonings
  7528 | D:9      | Reached skill level 5 in Hexes
  7528 | D:9      | Reached skill level 3 in Translocations
  7631 | D:9      | Reached skill level 4 in Fighting
  7814 | D:9      | Offered knowledge of Searing Ray by Vehumet.
  7823 | D:9      | Reached ** piety under Vehumet
  8072 | D:9      | Learned a level 5 spell: Summon Forest
  8235 | D:9      | Found a staircase to the Lair.
  8453 | D:9      | Found a staircase to the Orcish Mines.
  8483 | D:10     | Entered Level 10 of the Dungeon
  8507 | D:10     | Noticed a two-headed ogre
  8656 | D:10     | Found a shimmering altar of Xom.
  8758 | D:10     | Found a glowing golden altar of the Shining One.
  9004 | D:10     | Killed a two-headed ogre
  9005 | D:10     | Reached skill level 7 in Ranged Weapons
  9005 | D:10     | Reached XP level 11. HP: 77/77 MP: 6/16
  9077 | D:10     | Found Feuffy Xiduss's Vocational Training.
  9197 | D:10     | Found a hazy altar of Hepliaklqana.
  9344 | D:11     | Reached skill level 5 in Conjurations
  9344 | D:11     | Reached skill level 5 in Earth Magic
  9352 | D:11     | Reached skill level 4 in Spellcasting
  9353 | D:11     | Reached skill level 4 in Translocations
  9354 | D:11     | Reached skill level 5 in Stealth
  9364 | D:11     | Found a gate leading to a gauntlet.
  9373 | Gauntlet | Entered a Gauntlet
  9373 | Gauntlet | Noticed a moth of wrath
  9373 | Gauntlet | Found a transporter.
  9381 | Gauntlet | Found a transporter.
  9383 | Gauntlet | Found a transporter.
  9396 | Gauntlet | Found a transporter.
  9398 | Gauntlet | Noticed a blizzard demon
  9407 | Gauntlet | Found a transporter.
  9417 | Gauntlet | Noticed a cacodemon
  9419 | Gauntlet | Found a runed translucent gate.
  9420 | Gauntlet | Found a transporter.
  9420 | Gauntlet | Found a runed translucent gate.
  9421 | Gauntlet | Found a runed translucent gate.
  9429 | Gauntlet | Noticed a hell hog
  9431 | Gauntlet | Found a transporter.
  9441 | Gauntlet | Found a transporter.
  9447 | Gauntlet | Found a transporter.
  9475 | Gauntlet | Found a transporter.
  9475 | Gauntlet | Found a transporter.
  9479 | Gauntlet | Noticed a tengu warrior
  9527 | Gauntlet | Found a transporter.
  9527 | Gauntlet | Found a transporter.
  9529 | Gauntlet | Found a transporter.
  9604 | Gauntlet | Upgraded the game from 0.30-a0-1160-g6e42c06551 to
                  | 0.30-a0-1161-g0704695555
  9622 | Gauntlet | Slain by a wolf

Vanquished Creatures
  Erica (D:8)
  A two-headed ogre (D:10)
  Maggie (D:8)
  A troll (D:9)
  Prince Ribbit (D:8)
  A shadow (D:10)
  8 yaks
  3 wyverns
  2 steam dragons
  2 acid dragons
  2 orc warriors
  2 sky beasts
  2 ogres
  2 centaurs
  3 kobold brigands
  2 gnoll sergeants
  7 killer bees
  A howler monkey (D:9)
  4 hounds
  5 orc priests
  An iguana (D:7)
  4 orc wizards
  2 sleepcaps
  13 gnolls
  9 adders
  2 white imps
  4 worms
  2 dart slugs
  33 orcs
  3 bats (D:2)
  3 endoplasms
  2 giant cockroaches
  10 hobgoblins
  19 jackals
  A quokka (D:2)
  3 ball pythons
  6 frilled lizards
  6 goblins
  13 kobolds
  2 rats (D:2)
189 creatures vanquished.

Vanquished Creatures (collateral kills)
  A troll (D:10)
  An orc (D:10)
  2 kobolds (D:10)
4 creatures vanquished.

Vanquished Creatures (others)
  2 orc warriors
  2 killer bees (D:8)
  An orc priest (D:7)
  An orc wizard (D:8)
6 creatures vanquished.

Grand Total: 199 creatures vanquished

Table legend: (Time is in decaauts)
 A = Elapsed time spent in this place.
 B = Non-inter-level travel time spent in this place.
 C = Inter-level travel time spent in this place.
 D = Time resting spent in this place.
 E = Time spent auto-exploring this place.
 F = Levels seen in this place.
 G = Mean time per level.
                   A        B        C        D        E       F      G
               +--------+--------+--------+--------+--------+-----+--------+
         Total |   9911 |   9153 |    758 |    694 |   6392 |  13 |  762.4 |
       Dungeon |   9657 |   8899 |    758 |    694 |   6188 |  11 |  877.9 |
        Temple |      4 |      4 |      0 |      0 |      0 |   1 |    4.0 |
      Gauntlet |    249 |    249 |      0 |      0 |    204 |   1 |  249.0 |
               +--------+--------+--------+--------+--------+-----+--------+

Top non-repeatable levels by time:
     D:8: 1490 daAuts
     D:4: 1263 daAuts
     D:9: 1242 daAuts
     D:1: 1062 daAuts
     D:7: 957 daAuts
     D:2: 864 daAuts
    D:10: 767 daAuts
     D:3: 716 daAuts
     D:6: 639 daAuts
     D:5: 564 daAuts
Gauntlet: 249 daAuts
    D:11: 87 daAuts
  Temple: 4 daAuts

Table legend:
 A = Non-vault XP
 B = Vault XP
 C = Vault XP percentage of total XP
 D = Non-vault monster count
 E = Vault monster count
 F = Vault count percentage of total count
                 A         B        C        D         E       F
            +---------+---------+-------+---------+---------+-------
      Total |    7765 |    1877 |  19.5 |     172 |      27 |  13.6
            +---------+---------+-------+---------+---------+-------
        D:1 |      63 |       0 |   0.0 |      17 |       0 |   0.0
        D:2 |      85 |       0 |   0.0 |      22 |       0 |   0.0
        D:3 |      17 |       0 |   0.0 |       7 |       0 |   0.0
        D:4 |     500 |      43 |   7.9 |      36 |       1 |   2.7
        D:5 |     399 |      53 |  11.7 |      19 |       2 |   9.5
        D:6 |     603 |       0 |   0.0 |      10 |       0 |   0.0
        D:7 |    1010 |       0 |   0.0 |      11 |       0 |   0.0
        D:8 |    1033 |    1500 |  59.2 |      15 |       7 |  31.8
        D:9 |    1233 |     281 |  18.6 |      16 |      17 |  51.5
       D:10 |    1799 |       0 |   0.0 |      14 |       0 |   0.0
       D:11 |    1023 |       0 |   0.0 |       5 |       0 |   0.0
            +---------+---------+-------+---------+---------+-------
